 Dungeon Crawl Stone Soup version 0.31.0-32-g396128a36d (webtiles) character file.

Game seed: 15400964215808930500

18 DemonSlayer the Digger (level 2, 19/19 HPs)
             Began as a Demonspawn Earth Elementalist on Mar 10, 2024.
             Got out of the dungeon alive.
             The game lasted 00:00:37 (415 turns).

DemonSlayer the Digger (DsEE)                        Turns: 415, Time: 00:00:37

Health: 19/19      AC:  2    Str:  8    XL:     2   Next: 48%
Magic:  5/5        EV: 12    Int: 15    God:
Gold:   37         SH:  0    Dex: 13    Spells: 4/5 levels left

rFire   . . .        (no weapon)
rCold   . . .        (no shield)
rNeg    . . .        a - +0 robe
rPois   .            (helmet restricted)
rElec   .            (no cloak)
rCorr   .            (no gloves)
SInv    .            (no boots)
Will    .....        (no amulet)
Stlth   ++           (no ring)
HPRegen 0.23/turn    (no ring)
MPRegen 0.09/turn

%: no passive effects
@: no status effects
A: antennae 1
a: no special abilities


You escaped.
You visited 1 branch of the dungeon, and saw 1 of its levels.

You collected 37 gold pieces.

Inventory:

Armour
 a - a +0 robe (worn)
Scrolls
 c - 2 scrolls of immolation {unknown}
 d - a scroll of identify {unknown}
Potions
 b - a potion of magic


   Skills:
 + Level 2.1 Dodging
 + Level 2.1 Stealth
 + Level 2.3 Spellcasting
 + Level 1.0 Conjurations
 + Level 2.7 Earth Magic


You had 4 spell levels left.
You knew the following spells:

 Your Spells              Type           Power      Damage    Failure   Level
a - Sandblast             Erth           20%        2d7       7%          1

Your spell library contained the following spells:

 Spells                   Type           Power      Damage    Failure   Level
 Passwall                 Erth           10%        N/A       21%         3
 Stone Arrow              Conj/Erth      14%        3d7       30%         3
 Brom's Barrelling Bould  Conj/Erth      7%         2d3       69%         4
 Petrify                  Alch/Erth      5%         N/A       77%         4


Dungeon Overview and Level Annotations

Branches:
Dungeon (1/15)

Altars:


Innate Abilities, Weirdness & Mutations

You have a pair of small antennae on your head.


Message History

You open the door.
There is an open door here.
You open the door.
There is an open door here.
You open the door.
There is an open door here.
A bat comes into view.
A bat is nearby!
A bat is nearby!
A bat is nearby!
You can't see any susceptible monsters within range! (Use Z to cast anyway.)
The blast of sand hits the bat.
You kill the bat!
No target in view!
You can't see any susceptible monsters within range! (Use Z to cast anyway.)
You can't see any susceptible monsters within range! (Use Z to cast anyway.) No target in view!
You see here a bat corpse.
An endoplasm comes into view.
An endoplasm is nearby!
An endoplasm is nearby!
An endoplasm is nearby!
An endoplasm is nearby!
You can't see any susceptible monsters within range! (Use Z to cast anyway.)
The blast of sand hits the endoplasm!
You kill the endoplasm!
No target in view!
You can't see any susceptible monsters within range! (Use Z to cast anyway.) No target in view!
You can't see any susceptible monsters within range! (Use Z to cast anyway.)
A ball python comes into view.
A ball python is nearby!
A ball python is nearby!
A ball python is nearby!
The blast of sand hits the ball python!
You kill the ball python!
There is a staircase leading out of the dungeon here.
You can't go down here!
Unknown command.
You have escaped!

##. ..~~~~.~~~≈......#.# #. ..
#.~~~~.≈~~~......#.# #. .########
#.~~~~.≈~~~......#.# #.
........###.~~~~.~~~~......#.###.
.........##.~≈~~.~≈≈≈......#...'.
............~≈~~(≈≈≈~..#.#######.
........###.P~~...~~P..#.#######.
........# #............#.. ...##.
........# #.....@......######.#..
........# #.............# ##....#
........###.P~~...~~P.#.###...###
............~≈≈~.~~~~.#.##..#.# #
............≈≈≈~.~~~~.#.>.[...###
............~~~~.~~~~.########...
............~~~~.~~~~.# #...
######......~~~≈.≈~~~.# #...
#......~~~~.~~ #...


There were no monsters in sight!

Vanquished Creatures
  A gnoll (D:1)
  3 ball pythons (D:1)
  2 bats (D:1)
  An endoplasm (D:1)
  A rat (D:1)
8 creatures vanquished.

Notes
Turn   | Place    | Note
-------+----------+-------------------------------------------
     0 | D:1      | DemonSlayer the Demonspawn Earth Elementalist began the
                  | quest for the Orb.
     0 | D:1      | Reached XP level 1. HP: 13/13 MP: 3/3
   151 | D:1      | Gained mutation: You have a pair of small antennae on your
                  | head. [demonic ancestry]
   151 | D:1      | Reached XP level 2. HP: 19/19 MP: 0/5
   415 | D:$      | Got out of the dungeon alive.

Illustrated notes

Levels and vault maps discovered:
D:1:      giann_bridges, layout_basic, corner_web_ring

Skill      XL: |  1 |
---------------+----+-----
Dodging        | 2 |  2.1
Stealth        | 2 |  2.1
Spellcasting   | |  2.3
Conjurations   | |  1.0
Earth Magic    | |  2.7

Action                     || total
---------------------------++-------
   Cast: Sandblast         ||    10
  Dodge: Dodged            ||     1
